[Event "Titled Tuesday Blitz June 13 Late 2023"]
[White "Swiercz, Dariusz"]
[Black "Lashkin, Jegor"]
[WhiteFideId "1126881"]
[BlackFideId "13907808"]
[WhiteElo "2620"]
[BlackElo "2368"]
[Result "1-0"]
[Round "11"]
[TimeControl "180+2"]
[Date "2023.06.13"]
[WhiteClock "0:00:07"]
[BlackClock "0:00:01"]
[Board "11"]

1. e4 c5 2. Nf3 d6 3. Nc3 Nf6 4. h3 a6 5. a4 Nc6 6. d4 cxd4 7. Nxd4 e5 8. Nf3 Be7 9. Bc4 Be6 10. Bb3 h6 11. O-O O-O 12. Be3 Rc8 13. Re1 Na5 14. Ba2 Nc4 15. Bxc4 Rxc4 16. Qd3 Qc7 17. Nd2 Rc6 18. a5 Rc8 19. Red1 Nd7 20. Nf1 Rc4 21. Ng3 Nf6 22. Qd2 Qc6 23. Nd5 Bxd5 24. exd5 Qd7 25. c3 h5 26. Qd3 g6 27. Ne2 Qb5 28. Qb1 Nxd5 29. b3 Rxc3 30. Nxc3 Nxc3 31. Rc1 Nxb1 32. Rxc8+ Kg7 33. Rxb1 Qxa5 34. Rbc1 d5 35. R1c7 Qb4 36. Rd7 d4 37. Bc1 d3 38. Rxd3 Qe1+ 39. Kh2 e4 40. Bb2+ Bf6 41. Bxf6+ Kxf6 42. Rd6+ Ke5 43. Rd7 Qxf2 44. Re8+ Kf6 45. Rxe4 Kg7 46. Rd3 Qf6 47. Rf3 Qd6+ 48. Kh1 f5 49. Re2 h4 50. Re1 Kf6 51. Ref1 Kg5 52. Re1 b5 53. Ref1 a5 54. Ra1 Qb4 55. Raf1 Qd4 56. Rc1 b4 57. Rcf1 Qb2 58. Re1 Qd4 59. Ref1 Kf6 60. Re1 Qc5 61. Rd1 Qe5 62. Rdf1 Qb2 63. Rd1 Qc2 64. Rdf1 Ke5 65. Ra1 Qc5 66. Rff1 Kf6 67. Rfc1 Qd5 68. Rcb1 f4 69. Ra2 g5 70. Rf2 Kf5 71. Rf3 Kg6 72. Ra1 Kf5 73. Re1 Kg6 74. Kh2 Kf6 75. Rc1 Kf5 76. Rc8 Kg6 77. Rb8 Kf6 78. Rf8+ Ke5 79. Re8+ Kf5 80. Rf8+ Kg6 81. Rh8 Kg7 82. Rc8 Kg6 83. Rb8 Kg7 84. Rb6 Qc5 85. Ra6 Qb5 86. Re6 Qd5 87. Rb6 Qc5 88. Rb7+ Kf6 89. Rb8 Ke5 90. Rg8 Ke4 91. Re8+ Kf5 92. Rd3 Kf6 93. Red8 Kg6 94. R3d6+ Kf7 95. R6d7+ Ke6 96. Rd3 Qc6 97. R8d4 Ke5 98. Rd7 Qe6 99. Rd8 Qb6 100. Rf3 Kf5 101. Rd5+ Kg6 102. Rd1 Qc6 103. Rfd3 Qe4 104. Rd6+ Kf5 105. R1d5+ Qe5 106. Rxe5+ Kxe5 107. Ra6 Kd4 108. Rxa5 Kc3 109. Rxg5 Kxb3 110. Rf5 Kc3 111. Rxf4 b3 112. Rf3+ Kc4 113. g3 b2 114. Rf1 1-0


[Site "https://www.chess.com"]

[Event "Titled Tuesday Blitz June 13 Late 2023"]
[White "Xiong, Jeffery"]
[Black "Djordjevic, Vuk"]
[WhiteFideId "2047640"]
[BlackFideId "902098"]
[WhiteElo "2726"]
[BlackElo "2463"]
[Result "1-0"]
[Round "11"]
[TimeControl "180+2"]
[Date "2023.06.13"]
[WhiteClock "0:01:54"]
[BlackClock "0:00:02"]
[Board "12"]

1. e4 e6 2. d4 d5 3. e5 c5 4. c3 Nc6 5. Nf3 Qb6 6. Be2 cxd4 7. cxd4 Bb4+ 8. Kf1 Bd7 9. a3 Be7 10. Nc3 Na5 11. b4 Nc4 12. h4 Rc8 13. Rh3 a5 14. b5 Nh6 15. a4 Bb4 16. Na2 Be7 17. Bf4 f6 18. Rc1 Nf7 19. Rg3 O-O 20. Bxc4 Rxc4 21. Rxc4 dxc4 22. Nc3 Rd8 23. exf6 Bxf6 24. Ne4 Kf8 25. Qd2 Rc8 26. Ne5 Bxe5 27. Bxe5 Nxe5 28. dxe5 Rc7 29. Qf4+ Kg8 30. Nf6+ Kh8 31. Nxd7 Rxd7 32. Qf8# 1-0


[Site "https://www.chess.com"]

[Event "Titled Tuesday Blitz June 13 Late 2023"]
[White "Nazari, Arad"]
[Black "Aravindh, Chithambaram VR."]
[WhiteFideId "12577324"]
[BlackFideId "5072786"]
[WhiteElo "2175"]
[BlackElo "2596"]
[Result "0-1"]
[Round "11"]
[TimeControl "180+2"]
[Date "2023.06.13"]
[WhiteClock "0:00:00"]
[BlackClock "0:00:10"]
[Board "13"]

1. e4 c6 2. Nf3 d5 3. Nc3 dxe4 4. Nxe4 Nf6 5. Qe2 Nxe4 6. Qxe4 Nd7 7. Bc4 Nf6 8. Ne5 e6 9. Qe2 Be7 10. O-O O-O 11. c3 a5 12. d4 a4 13. a3 c5 14. Be3 Qc7 15. Rad1 cxd4 16. Bxd4 Ra5 17. Bd3 Rd5 18. Nf3 Rfd8 19. Qc2 h6 20. Rfe1 Bd7 21. Ne5 Be8 22. Nc4 Ng4 23. g3 Rh5 24. Bb6 Qb8 25. Bxd8 Bxd8 26. Be2 Rg5 27. Bxg4 Rxg4 28. Ne5 Rg5 29. Nf3 Rc5 30. Qd2 Bf6 31. Nd4 Rd5 32. Qe2 Qc8 33. Nc2 Rc5 34. Nb4 Bb5 35. Qe3 Bc4 36. Rd2 Re5 37. Qxe5 Bxe5 38. Rxe5 b5 39. f4 Qc7 40. Re3 Qc5 41. Nc2 g5 42. fxg5 hxg5 43. Nd4 e5 44. Nc2 Bb3 45. Kf2 f5 46. Ke2 f4 47. gxf4 gxf4 48. Rh3 e4 49. Nd4 Bc4+ 50. Ke1 Qg5 51. Rf2 Qg1+ 0-1


[Site "https://www.chess.com"]

[Event "Titled Tuesday Blitz June 13 Late 2023"]
[White "Lin, Dachey"]
[Black "Bazeev, German"]
[WhiteFideId "2029650"]
[BlackFideId "24119350"]
[WhiteElo "2313"]
[BlackElo "2466"]
[Result "1-0"]
[Round "11"]
[TimeControl "180+2"]
[Date "2023.06.13"]
[WhiteClock "0:00:12"]
[BlackClock "0:00:08"]
[Board "14"]

1. Nc3 d5 2. e4 d4 3. Nce2 e5 4. Nf3 Be6 5. Nxe5 c5 6. d3 f6 7. Nf3 g5 8. Ng3 h5 9. Nd2 Qd7 10. Nxh5 Nc6 11. Ng3 O-O-O 12. Be2 Bd6 13. Nc4 Bxc4 14. dxc4 Kb8 15. Nf5 Bc7 16. h3 Ne5 17. f4 gxf4 18. Bxf4 Nf3+ 19. Bxf3 Bxf4 20. Qd3 Ne7 21. O-O Nc6 22. Qe2 Bc7 23. a3 Rdg8 24. Bg4 Ne5 25. Nh6 Nxg4 26. Nxg4 Re8 27. Rxf6 a6 28. Raf1 Ka7 29. e5 Re7 30. Qe4 Qa4 31. Qd5 Bb6 32. Rf7 Rd8 33. Rxe7 Rxd5 34. cxd5 d3 35. cxd3 c4+ 36. Kh2 cxd3 37. Rff7 d2 38. Rxb7+ Ka8 39. Rxb6 d1=Q 40. Rd6 Qe8 41. e6 Qda4 42. Rdd7 Qd4 43. b4 Qb8+ 44. d6 Qdxd6+ 45. Rxd6 Qxd6+ 46. Kg1 Qxe6 47. Rf3 Qe1+ 48. Kh2 Qe2 49. Ne3 Qb5 50. Nf5 Qe5+ 51. Ng3 Qd4 52. Ne2 Qe5+ 53. Nf4 Qe1 54. Ng6 Qe8 55. Nf4 Qe5 56. h4 Qf5 57. Kg3 Qf6 58. Nh3 Qg6+ 59. Ng5 Qd6+ 60. Kh3 Qd7+ 61. g4 Qd1 62. h5 Qh1+ 63. Kg3 Qg1+ 64. Kf4 Qc1+ 65. Kf5 Qc2+ 66. Ne4 Qc8+ 67. Kf4 Qc7+ 68. Kg5 Qg7+ 69. Kh4 Qe7+ 70. Nf6 Qe1+ 71. Kg5 Qc1+ 72. Rf4 Qe3 73. h6 Qe5+ 74. Rf5 Qe3+ 75. Kg6 1-0


[Site "https://www.chess.com"]

[Event "Titled Tuesday Blitz June 13 Late 2023"]
[White "Gomez Ledo, Roberto Carlos"]
[Black "Kosakowski, Jakub"]
[WhiteFideId "3507076"]
[BlackFideId "1185080"]
[WhiteElo "2378"]
[BlackElo "2488"]
[Result "1-0"]
[Round "11"]
[TimeControl "180+2"]
[Date "2023.06.13"]
[WhiteClock "0:00:11"]
[BlackClock "0:00:05"]
[Board "15"]

1. d4 Nf6 2. Bf4 e6 3. e3 c5 4. c3 Nc6 5. Nd2 h6 6. Bd3 Be7 7. h3 O-O 8. Ngf3 b6 9. O-O Bb7 10. Qe2 d6 11. Bh2 Re8 12. Rfd1 Bf8 13. Rac1 cxd4 14. cxd4 Rc8 15. Bb5 Re7 16. Ba6 Bxa6 17. Qxa6 Rec7 18. Nb3 Nb4 19. Qa4 Rxc1 20. Rxc1 Nd3 21. Rxc8 Qxc8 22. Qxa7 Qc2 23. Bg3 Ne4 24. Qxb6 Ndxf2 25. Bxf2 Qxf2+ 26. Kh2 Qxe3 27. a4 d5 28. Qb8 g5 29. a5 Kg7 30. Qe5+ f6 31. Qxe6 Bd6+ 32. Ne5 Qf4+ 33. Kg1 fxe5 34. Qd7+ Qf7 35. Qxf7+ Kxf7 36. a6 Bb8 37. Na5 Ba7 38. Nc6 exd4 39. Nxa7 Nc5 40. Nc6 Nxa6 41. Nxd4 Kf6 42. Kf2 Nc5 43. Ke3 Ke5 44. b4 Ne4 45. b5 Nd6 46. Kd3 Kf4 47. g4 Kg3 48. b6 Kxh3 49. Nf5 Nb7 50. Nxh6 Kg3 51. Kd4 Kf4 52. Kxd5 Na5 53. Kc5 Ke5 54. Kb5 Nb7 55. Kc6 Na5+ 56. Kc7 Kf6 57. b7 Nxb7 58. Kxb7 Kg6 59. Nf5 Kf6 60. Kc6 Ke5 61. Nh6 1-0


[Site "https://www.chess.com"]

[Event "Titled Tuesday Blitz June 13 Late 2023"]
[White "Hambleton, Aman"]
[Black "Sun, Rick"]
[WhiteFideId "2606577"]
[BlackFideId "30909481"]
[WhiteElo "2511"]
[BlackElo "2169"]
[Result "1-0"]
[Round "11"]
[TimeControl "180+2"]
[Date "2023.06.13"]
[WhiteClock "0:00:05"]
[BlackClock "0:00:03"]
[Board "16"]

1. d4 Nf6 2. Bf4 g6 3. e3 Bg7 4. h3 O-O 5. Nf3 d6 6. c3 Nc6 7. Be2 Nd7 8. a4 e5 9. Bh2 e4 10. Nfd2 f5 11. a5 a6 12. c4 g5 13. Nc3 Nf6 14. Qb3 Kh8 15. Nd5 Ne7 16. Nxf6 Bxf6 17. g4 c6 18. d5 c5 19. Qb6 Qxb6 20. axb6 Bxb2 21. Ra2 Be5 22. Bxe5+ dxe5 23. Nb3 Rf6 24. Nxc5 Rxb6 25. O-O h5 26. Rd1 Rd6 27. gxf5 Bxf5 28. Nxb7 Rf6 29. d6 Nc6 30. c5 g4 31. hxg4 Bxg4 32. Bxg4 hxg4 33. d7 Nd8 34. Nxd8 Rxd8 35. Rd5 Rc6 36. Rad2 Rc7 37. Kg2 Kg7 38. Kg3 Kf6 39. Kxg4 a5 40. Rd6+ Ke7 41. c6 a4 42. Kf5 a3 43. Re6+ Kf7 44. Kxe5 Ra7 45. Ra2 Ra5+ 46. Kd6 Ra6 47. Re7+ Kf6 48. Re8 Raa8 49. Rxd8 Rxd8 50. c7 Kf5 51. cxd8=Q Kg4 52. Qf8 Kh3 53. f3 Kg3 54. Qf4+ Kh3 55. Rh2# 1-0


[Site "https://www.chess.com"]

[Event "Titled Tuesday Blitz June 13 Late 2023"]
[White "Adewumi, Tanitoluwa"]
[Black "Simonian, Hrair"]
[WhiteFideId "30966396"]
[BlackFideId "13302337"]
[WhiteElo "2663"]
[BlackElo "2447"]
[Result "0-1"]
[Round "11"]
[TimeControl "180+2"]
[Date "2023.06.13"]
[WhiteClock "0:00:02"]
[BlackClock "0:00:48"]
[Board "17"]

1. e4 c5 2. Nf3 e6 3. c3 Nf6 4. e5 Nd5 5. Bc4 Nb6 6. Bb3 d6 7. exd6 Bxd6 8. d4 c4 9. Bc2 N8d7 10. O-O Qc7 11. Nbd2 Nf6 12. Qe2 Bd7 13. Ne5 Rc8 14. Re1 O-O 15. Ne4 Bxe5 16. dxe5 Qxe5 17. f4 Qf5 18. Ng5 Qc5+ 19. Be3 Qe7 20. Bd4 Nbd5 21. Qf3 h6 22. Ne4 Bc6 23. Bc5 Qd8 24. Bxf8 Qxf8 25. Nxf6+ Nxf6 26. Qf2 Ng4 27. Qxa7 Ra8 28. Qb6 Ra6 29. Qd4 Ra5 30. h3 Rd5 31. Qb6 f5 32. hxg4 Rd2 33. Bxf5 Rxg2+ 34. Kf1 exf5 35. Rad1 Kh7 36. Qd8 Qf7 37. g5 Qh5 38. g6+ Rxg6 39. Kf2 Qf3# 0-1


[Site "https://www.chess.com"]

[Event "Titled Tuesday Blitz June 13 Late 2023"]
[White "Fernandez Guillen, Ernesto J."]
[Black "Chernobay, Artem"]
[WhiteFideId "3512428"]
[BlackFideId "4167406"]
[WhiteElo "2434"]
[BlackElo "2474"]
[Result "1-0"]
[Round "11"]
[TimeControl "180+2"]
[Date "2023.06.13"]
[WhiteClock "0:00:19"]
[BlackClock "0:00:00"]
[Board "18"]

1. e4 e6 2. Nf3 d5 3. Nc3 Nf6 4. e5 Nfd7 5. d4 c5 6. Ne2 Nc6 7. c3 b5 8. h4 b4 9. Nf4 h6 10. Bd3 bxc3 11. bxc3 cxd4 12. cxd4 Bb4+ 13. Kf1 O-O 14. Be3 a5 15. Kg1 Ba6 16. Bc2 Bc3 17. Rc1 Nb4 18. Bb1 Bb2 19. Rc2 Ba3 20. Rc3 Bb2 21. Rb3 Ba1 22. Rh3 Rc8 23. Rg3 Kh8 24. a3 Nb6 25. axb4 a4 26. Ra3 Bb2 27. Ra2 a3 28. Nh5 Rg8 29. Ng5 Qe7 30. Qf3 Rc7 31. Nf6 Nc4 32. Bf4 Nb6 33. Nxg8 Kxg8 34. Nh7 Kh8 35. Nf6 Bc1 36. Rxg7 Kxg7 37. Qg4+ 1-0


[Site "https://www.chess.com"]

[Event "Titled Tuesday Blitz June 13 Late 2023"]
[White "Kramnik, Vladimir"]
[Black "Fiorito, Joaquin"]
[WhiteFideId "4101588"]
[BlackFideId "180173"]
[WhiteElo "2703"]
[BlackElo "2199"]
[Result "1-0"]
[Round "11"]
[TimeControl "180+2"]
[Date "2023.06.13"]
[WhiteClock "0:00:05"]
[BlackClock "0:00:35"]
[Board "19"]

1. e4 c6 2. d4 d5 3. Nd2 dxe4 4. Nxe4 Nf6 5. Nxf6+ exf6 6. c3 Bd6 7. Bd3 O-O 8. Ne2 Re8 9. O-O Nd7 10. Ng3 g6 11. Bh6 f5 12. Qd2 Nf8 13. Rfe1 Be6 14. a4 a5 15. Re2 Qc7 16. Rae1 Bd7 17. Rxe8 Rxe8 18. Rxe8 Bxe8 19. Bc4 Qe7 20. Bg5 Qc7 21. Qe2 Bd7 22. Bf6 Be6 23. Nf1 Qd7 24. b3 Bxc4 25. Qxc4 Ne6 26. g3 Nc7 27. Bg5 Nd5 28. Bd2 f4 29. Qe2 Kg7 30. c4 Nf6 31. Bc3 Kg8 32. Bxa5 Qf5 33. Bd2 f3 34. Qe3 Ne4 35. Bc1 Be7 36. Nd2 Ng5 37. h4 Ne6 38. Nxf3 Bf6 39. Kg2 Qc2 40. Bd2 Qc1 41. Bxc1 1-0


[Site "https://www.chess.com"]

[Event "Titled Tuesday Blitz June 13 Late 2023"]
[White "Hansen, Eric"]
[Black "Oro, Faustino"]
[WhiteFideId "2606771"]
[BlackFideId "20000197"]
[WhiteElo "2561"]
[BlackElo "1984"]
[Result "1-0"]
[Round "11"]
[TimeControl "180+2"]
[Date "2023.06.13"]
[WhiteClock "0:01:19"]
[BlackClock "0:00:01"]
[Board "20"]

1. e4 c5 2. Nf3 d6 3. Bb5+ Bd7 4. a4 Nf6 5. Nc3 a6 6. Bxd7+ Qxd7 7. O-O g6 8. e5 dxe5 9. Nxe5 Qc7 10. Re1 Bg7 11. d3 O-O 12. Qf3 e6 13. Bf4 Qc8 14. h3 Nbd7 15. Nc4 Ne8 16. a5 h6 17. Ra3 g5 18. Bg3 f5 19. Bd6 Nxd6 20. Nxd6 Qc7 21. Rxe6 Kh8 22. Qxb7 Qxb7 23. Nxb7 Rfb8 24. Rb3 Ra7 25. Nxc5 Rxb3 26. Nxb3 Nf6 27. Nc5 1-0


[Site "https://www.chess.com"]

[Event "Titled Tuesday Blitz June 13 Late 2023"]
[White "Harsh Suresh"]
[Black "Tejedor Fuente, Enrique"]
[WhiteFideId "45018464"]
[BlackFideId "2299100"]
[WhiteElo "2209"]
[BlackElo "2496"]
[Result "0-1"]
[Round "11"]
[TimeControl "180+2"]
[Date "2023.06.13"]
[WhiteClock "0:00:05"]
[BlackClock "0:00:04"]
[Board "21"]

1. e4 c6 2. Nf3 d5 3. Nc3 g6 4. d4 Bg7 5. h3 dxe4 6. Nxe4 Nf6 7. Nxf6+ exf6 8. Be3 O-O 9. Qd2 Re8 10. Be2 Nd7 11. O-O Nb6 12. c4 Be6 13. b3 a5 14. Rfd1 a4 15. Qb4 Bf8 16. Qc3 Bg7 17. Ne1 axb3 18. axb3 Qc7 19. Nd3 Bf5 20. Nc5 Rxa1 21. Rxa1 Bc8 22. Bf3 f5 23. Qd2 Nd7 24. b4 Nb6 25. Rc1 Qe7 26. d5 Rd8 27. Re1 Nxc4 28. Bg5 Nxd2 29. Rxe7 Nxf3+ 30. gxf3 cxd5 31. Nxb7 Bxb7 32. Rxb7 Ra8 33. b5 h6 34. Bf4 g5 35. Bd6 Bd4 36. b6 Ra1+ 37. Kg2 Ra2 38. Rb8+ Kg7 39. b7 Rxf2+ 40. Kh1 Rf1+ 41. Kg2 Rg1+ 42. Kh2 Rb1 43. Kg2 f4 44. Bf8+ Kg6 45. Bd6 Rb2+ 46. Kf1 Kf5 47. Ke1 Ba7 48. Re8 Rxb7 49. Re5+ Kg6 50. Rxd5 Rb1+ 51. Ke2 Rb2+ 52. Ke1 Rh2 53. Be5 Rxh3 54. Rd6+ Kh7 55. Ke2 g4 56. Rd7 gxf3+ 57. Kd2 Kg6 58. Rxa7 f2 59. Ra1 Kf5 60. Bd4 Rh2 61. Rf1 Kg4 62. Ke2 f3+ 63. Ke3 f5 64. Rxf2 f4+ 65. Ke4 Rg2 66. Rf1 h5 67. Rb1 Re2+ 68. Kd3 h4 69. Rb8 Rg2 70. Rg8+ Kh3 71. Rf8 Rg4 72. Ke4 Kg3 73. Be5 f2 74. Bxf4+ Kg2 75. Kf5 Rxf4+ 76. Kxf4 f1=Q+ 77. Kg4 Qxf8 78. Kxh4 Qg7 79. Kh5 Kf3 80. Kh4 Qh6# 0-1


[Site "https://www.chess.com"]

[Event "Titled Tuesday Blitz June 13 Late 2023"]
[White "Makridis, Dimitrios"]
[Black "Gadimbayli, Abdulla"]
[WhiteFideId "25864475"]
[BlackFideId "13404938"]
[WhiteElo "2277"]
[BlackElo "2386"]
[Result "0-1"]
[Round "11"]
[TimeControl "180+2"]
[Date "2023.06.13"]
[WhiteClock "0:00:08"]
[BlackClock "0:00:14"]
[Board "22"]

1. e4 c5 2. Nf3 d6 3. d4 cxd4 4. Nxd4 Nf6 5. Nc3 g6 6. Be3 Bg7 7. f3 O-O 8. Qd2 Nc6 9. O-O-O d5 10. Qe1 e5 11. Nxc6 bxc6 12. exd5 cxd5 13. Bg5 d4 14. Qxe5 h6 15. Rxd4 Bd7 16. Bd2 Nh7 17. Qd6 Bxd4 18. Qxd4 Ng5 19. Nd5 f6 20. Bc3 Nh7 21. Bd3 Be6 22. Be4 Rc8 23. Rd1 Qe8 24. Nf4 Bf7 25. h4 Kg7 26. h5 g5 27. Bxh7 Kxh7 28. Qxf6 Rxc3 29. Qxc3 gxf4 30. Qd3+ Kh8 31. Qd4+ Kg8 32. Qxf4 Qe6 33. g4 Qxa2 34. Qxh6 Qa1+ 35. Kd2 Rd8+ 36. Ke3 Qxd1 37. Qg5+ Kf8 38. Qh6+ Ke7 39. Qg5+ Ke8 40. Qe5+ Kd7 41. Qb5+ Ke7 42. Qe5+ Be6 43. Qg5+ Kd7 44. Qb5+ Kc7 45. Qc5+ Kb8 46. Qb5+ Kc7 47. Qc5+ Kd7 48. Qb5+ Ke7 49. Qg5+ Ke8 50. Qb5+ Qd7 51. Qe5 Qe7 52. Qh8+ Kd7 53. Qd4+ Kc7 54. Qa4 Bd7+ 55. Qe4 Re8 56. Qxe7 Rxe7+ 57. Kf4 Kd6 58. g5 Rf7+ 59. Kg3 Ke6 60. g6 Rg7 61. Kh4 Kf6 62. c4 Bf5 63. c5 Bxg6 64. hxg6 Rxg6 65. b4 Rg8 66. b5 Kf5 67. c6 Kf4 68. Kh5 Rg5+ 69. Kh6 Rxb5 70. c7 Rc5 71. Kg7 Rxc7+ 72. Kg8 a5 0-1


[Site "https://www.chess.com"]

[Event "Titled Tuesday Blitz June 13 Late 2023"]
[White "Santos Ruiz, Miguel"]
[Black "Korchmar, Vasiliy"]
[WhiteFideId "22291482"]
[BlackFideId "24131750"]
[WhiteElo "2499"]
[BlackElo "2370"]
[Result "0-1"]
[Round "11"]
[TimeControl "180+2"]
[Date "2023.06.13"]
[WhiteClock "0:00:14"]
[BlackClock "0:00:17"]
[Board "23"]

1. d4 d5 2. Bf4 Nf6 3. e3 c5 4. c3 Nc6 5. Nd2 Bf5 6. Ngf3 Qb6 7. Qb3 c4 8. Qxb6 axb6 9. a3 b5 10. Rc1 h6 11. h3 e6 12. g4 Bh7 13. Ne5 Nxe5 14. Bxe5 Nd7 15. Bg3 Nb6 16. Ra1 b4 17. cxb4 Bxb4 18. Be2 c3 19. bxc3 Bxc3 20. Rd1 Rxa3 21. Kf1 Ra2 22. Nb3 Bc2 23. Rc1 Bxb3 24. Rxc3 Bc4 25. Bxc4 Nxc4 26. Kg2 Kd7 27. Rb1 Kc6 28. e4 Rha8 29. exd5+ exd5 30. Rf3 f6 31. Re1 R8a3 32. Rxa3 Rxa3 33. Re7 b5 34. Rc7+ Kb6 35. Rxg7 b4 36. Rg6 b3 37. Rxf6+ Kb5 38. Bd6 b2 39. Bxa3 b1=Q 40. Bc5 Qe4+ 41. Kg3 Nd2 42. Kh4 Nf3+ 43. Kh5 Nxd4 44. Bxd4 Qxd4 45. Rf5 Kc4 46. Kxh6 Qh8+ 47. Kg6 Qxh3 48. g5 d4 49. Rf4 Qe6+ 50. Rf6 Qe4+ 51. Kg7 d3 52. f3 Qe7+ 53. Kg6 d2 54. f4 d1=Q 55. f5 Qd3 56. Kh6 Qh3+ 57. Kg6 Qhh7# 0-1


[Site "https://www.chess.com"]

[Event "Titled Tuesday Blitz June 13 Late 2023"]
[White "Mortazavi, Ali"]
[Black "Bryakin, Mikhail"]
[WhiteFideId "401323"]
[BlackFideId "4165314"]
[WhiteElo "2339"]
[BlackElo "2464"]
[Result "1-0"]
[Round "11"]
[TimeControl "180+2"]
[Date "2023.06.13"]
[WhiteClock "0:00:20"]
[BlackClock "0:01:17"]
[Board "24"]

1. Nf3 c5 2. g3 g6 3. Bg2 Bg7 4. O-O Nc6 5. d3 d6 6. c4 Nf6 7. Nc3 O-O 8. a3 a6 9. Ne1 Bd7 10. Rb1 Qc8 11. b4 cxb4 12. axb4 Bh3 13. Bd2 Bxg2 14. Kxg2 h5 15. Nf3 Qd7 16. b5 Ne5 17. Nxe5 dxe5 18. bxa6 bxa6 19. f3 Rfc8 20. Na4 Qc6 21. Nb6 h4 22. Nxa8 Rxa8 23. Qb3 hxg3 24. hxg3 Qe6 25. Qb7 Rd8 26. Rb6 Qf5 27. Qxe7 Re8 28. Qb7 Nh5 29. Qe4 Qc8 30. Rfb1 Nf6 31. Qh4 Nd7 32. Rh1 f6 33. Rbb1 f5 34. g4 e4 35. gxf5 exf3+ 36. Kxf3 Ne5+ 37. Kg2 Qxf5 38. Qh7+ Kf7 39. Rbf1 Nf3 40. Rxf3 Rxe2+ 41. Kg3 Qxf3+ 42. Kxf3 Rxd2 43. Rg1 Rxd3+ 44. Ke2 Rd6 45. Rf1+ Rf6 46. Rxf6+ Kxf6 47. Qh3 g5 48. Qd7 1-0


[Site "https://www.chess.com"]

[Event "Titled Tuesday Blitz June 13 Late 2023"]
[White "Bayo Milagro, Alvaro"]
[Black "Yanchenko, Roman"]
[WhiteFideId "22275240"]
[BlackFideId "4137329"]
[WhiteElo "2270"]
[BlackElo "2491"]
[Result "0-1"]
[Round "11"]
[TimeControl "180+2"]
[Date "2023.06.13"]
[WhiteClock "0:00:14"]
[BlackClock "0:00:59"]
[Board "25"]

1. d4 d5 2. Nf3 Bf5 3. c4 Bxb1 4. Rxb1 dxc4 5. Qa4+ c6 6. Qxc4 e6 7. g3 Qd5 8. b3 Nf6 9. Bg2 Nbd7 10. O-O Nb6 11. Qc2 Qf5 12. Qxf5 exf5 13. Ne5 Rd8 14. e3 Bd6 15. Bb2 O-O 16. Rfd1 Nbd5 17. Rbc1 Rfe8 18. Nc4 Bc7 19. Bf3 g6 20. Kg2 h5 21. h4 Ne4 22. Ne5 Ndf6 23. Nd3 Bd6 24. Bc3 Ng4 25. Bxg4 hxg4 26. Bb4 Bb8 27. Nc5 Nxc5 28. Bxc5 f6 29. Ba3 Kf7 30. Rh1 Rh8 31. Bb2 Rd5 32. Rhd1 a6 33. Rc5 Ke6 34. Rdc1 g5 35. hxg5 fxg5 36. Rxd5 cxd5 37. Rh1 Rxh1 38. Kxh1 f4 39. Kg2 Kf5 40. gxf4 gxf4 41. f3 fxe3 42. Bc1 Bf4 0-1


[Site "https://www.chess.com"]

[Event "Titled Tuesday Blitz June 13 Late 2023"]
[White "Janaszak, Dawid"]
[Black "Klukin, Kirill"]
[WhiteFideId "1119206"]
[BlackFideId "24199273"]
[WhiteElo "2220"]
[BlackElo "2344"]
[Result "1/2-1/2"]
[Round "11"]
[TimeControl "180+2"]
[Date "2023.06.13"]
[WhiteClock "0:00:08"]
[BlackClock "0:00:15"]
[Board "26"]

1. e4 c5 2. Nc3 g6 3. Bc4 Nc6 4. h4 Nf6 5. d3 Bg7 6. h5 Nxh5 7. Rxh5 gxh5 8. Qxh5 e6 9. Nb5 d6 10. Nf3 h6 11. Bf4 Bf8 12. Qh2 e5 13. Qh5 Qf6 14. Bg3 Qg6 15. Nc7+ Kd8 16. Qxg6 fxg6 17. Nxa8 Be7 18. Nh4 Bxh4 19. Bxh4+ g5 20. Bg3 Bg4 21. f3 Bh5 22. a3 Kd7 23. Kd2 Bg6 24. Rh1 h5 25. Bf2 Rxa8 26. Be3 Nd8 27. Bxg5 Ne6 28. Be3 Rh8 29. g4 a6 30. gxh5 Rxh5 31. Rxh5 Bxh5 32. Bxe6+ Kxe6 33. Ke2 b5 34. Kf2 Bg6 35. f4 exf4 36. Bxf4 d5 37. Ke3 dxe4 38. dxe4 Bh7 39. Bb8 Bg6 40. Ba7 Kd6 41. c3 Bh7 42. Bb8+ Ke6 43. Kf4 Bg6 44. Ba7 Kd6 45. e5+ Kd5 46. Kg5 Bh7 47. Kf6 Bg8 48. b3 c4 49. bxc4+ bxc4 50. a4 Be6 51. Bd4 a5 52. Ke7 Bf5 53. Kd8 Bc2 54. Kc7 Bxa4 55. Kb6 Bd7 56. Kxa5 Be6 57. Kb6 Bh3 58. Kc7 Be6 59. Kd8 Bh3 60. Ke7 Be6 61. Kf6 Bh3 62. Ke7 Be6 63. Kf6 Bh3 64. Ke7 1/2-1/2


[Site "https://www.chess.com"]

[Event "Titled Tuesday Blitz June 13 Late 2023"]
[White "Jumabayev, Rinat"]
[Black "Manea, Alexandru"]
[WhiteFideId "13702661"]
[BlackFideId "1207660"]
[WhiteElo "2561"]
[BlackElo "2226"]
[Result "1-0"]
[Round "11"]
[TimeControl "180+2"]
[Date "2023.06.13"]
[WhiteClock "0:00:06"]
[BlackClock "0:00:10"]
[Board "27"]

1. e3 d5 2. Nf3 g6 3. c4 Nf6 4. cxd5 Nxd5 5. e4 Nf6 6. Nc3 c5 7. d4 cxd4 8. Nxd4 Bg7 9. Bb5+ Bd7 10. e5 Ng8 11. e6 Bxb5 12. exf7+ Kxf7 13. Qb3+ e6 14. Qxe6+ Kf8 15. Ndxb5 Nc6 16. Bf4 Qf6 17. Qxf6+ Nxf6 18. O-O Nh5 19. Be3 a6 20. Nc7 Rc8 21. Ne6+ Kf7 22. Nxg7 Nxg7 23. Rad1 Rhd8 24. Bb6 Rxd1 25. Rxd1 Re8 26. Kf1 Nf5 27. b3 Re6 28. Na4 Nce7 29. Rd7 Rd6 30. Rxb7 Rd1+ 31. Ke2 Ra1 32. Nc3 Ke6 33. g4 Nd6 34. Ra7 Nd5 35. Nxd5 Rxa2+ 36. Kf3 Kxd5 37. Rxh7 Rb2 38. Be3 Rxb3 39. Ra7 Ra3 40. h4 Ke6 41. Kf4 Ra5 42. Rg7 Ra4+ 43. Kg5 Nf7+ 44. Kxg6 Rxg4+ 45. Bg5 Ne5+ 46. Kh5 Rg2 47. f4 Nd3 48. Rg6+ Kf5 49. Rf6+ Ke4 50. Kg6 a5 51. h5 a4 52. h6 a3 53. h7 a2 54. h8=Q Ne5+ 55. fxe5 a1=Q 56. Qh4+ Kd3 57. Qh3+ Kc4 58. Qxg2 Qb1+ 59. Rf5 1-0


[Site "https://www.chess.com"]

[Event "Titled Tuesday Blitz June 13 Late 2023"]
[White "Gimenez Aguirre, Alejo Ismael"]
[Black "Mekhitarian, Krikor Sevag"]
[WhiteFideId "32041667"]
[BlackFideId "2107660"]
[WhiteElo "2165"]
[BlackElo "2604"]
[Result "0-1"]
[Round "11"]
[TimeControl "180+2"]
[Date "2023.06.13"]
[WhiteClock "0:00:04"]
[BlackClock "0:00:05"]
[Board "28"]

1. e4 e6 2. d4 d5 3. Nd2 c5 4. Ngf3 cxd4 5. Nxd4 Nf6 6. exd5 Nxd5 7. c3 e5 8. N4f3 f6 9. Bc4 Nb6 10. Bb5+ Bd7 11. Bxd7+ Qxd7 12. O-O Nc6 13. Qb3 O-O-O 14. Nc4 Nxc4 15. Qxc4 Qd5 16. Qe2 Qd3 17. Qxd3 Rxd3 18. Be3 Be7 19. Rfd1 Rhd8 20. Rxd3 Rxd3 21. Kf1 b5 22. Ke2 Rd5 23. Rc1 Rd7 24. a3 Na5 25. Nd2 Kb7 26. g4 Nc4 27. Rc2 a5 28. h3 Kc6 29. Ne4 a4 30. Bc1 g6 31. f4 exf4 32. Bxf4 Kd5 33. Nf2 Bc5 34. Nd3 Re7+ 35. Kf3 Kc6 36. h4 Re6 37. Rh2 Be7 38. g5 Kd5 39. gxf6 Rxf6 40. Kg4 Bd6 41. h5 Bxf4 42. Nxf4+ Kc6 43. hxg6 hxg6 44. Rh6 Ne3+ 45. Kf3 Nc4 46. Ke4 Nxb2 47. Nxg6 Kb6 48. Ke5 Rc6 49. Kd4 Nc4 50. Ke4 Nxa3 51. Kd4 Nb1 52. Kd3 Nxc3 53. Rh8 Rxg6 54. Kxc3 Rg3+ 55. Kb2 Rb3+ 56. Ka2 Ka5 57. Rh4 Rf3 58. Rh8 Rf2+ 59. Kb1 a3 60. Rh3 b4 61. Rh8 Ka4 62. Rh3 Rf1+ 63. Kc2 b3+ 64. Kc3 Rc1+ 65. Kd2 b2 66. Rh4+ Kb3 67. Rh3+ Ka2 0-1


[Site "https://www.chess.com"]

[Event "Titled Tuesday Blitz June 13 Late 2023"]
[White "TimGrutter03"]
[Black "Pap, Gyula"]
[BlackFideId "725323"]
[WhiteElo "2581"]
[BlackElo "2519"]
[Result "0-1"]
[Round "11"]
[TimeControl "180+2"]
[Date "2023.06.13"]
[WhiteClock "0:00:00"]
[BlackClock "0:00:05"]
[Board "29"]

1. d4 d5 2. Nc3 Bf5 3. Bf4 e6 4. e3 Bd6 5. Bxd6 cxd6 6. h4 h6 7. Bd3 Ne7 8. g4 Bxd3 9. Qxd3 Nd7 10. O-O-O Qa5 11. Kb1 O-O-O 12. f3 Kb8 13. e4 Nb6 14. Nge2 Rc8 15. Nc1 Qb4 16. a3 Qc4 17. Rhe1 h5 18. g5 Ng6 19. Qxc4 Rxc4 20. exd5 Nxd5 21. Nxd5 exd5 22. Rh1 Re8 23. c3 Rc7 24. Nd3 Re3 25. f4 Ne7 26. Rhe1 Rxe1 27. Rxe1 Nf5 28. Nb4 Re7 29. Rf1 a5 30. Nxd5 Re2 31. g6 f6 32. Rg1 Re8 33. Kc2 b5 34. Kd3 Kb7 35. b3 Kc6 36. c4 Nxh4 37. Rh1 Nxg6 38. Rxh5 a4 39. Nc3 bxc4+ 40. Kxc4 Nxf4 41. Ra5 d5+ 42. Kb4 Nd3+ 43. Kxa4 Nb2+ 44. Kb4 Rb8+ 45. Rb5 Nd3+ 46. Ka4 Ra8+ 47. Ra5 Nb2+ 48. Kb4 Rb8+ 49. Rb5 Rxb5+ 50. Nxb5 g5 51. Nc3 f5 52. Ne2 f4 53. Kc3 Nd1+ 54. Kd2 Ne3 55. Kd3 Nf5 56. a4 f3 57. Nc3 g4 58. Nd1 g3 59. Ne3 g2 60. Nxf5 g1=Q 61. Ne3 f2 62. b4 f1=Q+ 63. Nxf1 Qxf1+ 64. Kc3 Qc4+ 0-1


[Site "https://www.chess.com"]